 Dungeon Crawl Stone Soup version 0.32-a0-616-g9348d4545b (webtiles) character file.

Game seed: 1245542499087597922

51 Sabo the Charlatan (level 3, -6/26 HPs)
             Began as a Coglin Artificer on Mar 5, 2024.
             Mangled by a gnoll
             ... wielding a +0 flail
              (9 damage)
             ... on level 3 of the Dungeon.
             The game lasted 00:07:50 (1278 turns).

Sabo the Charlatan (Coglin Artificer)               Turns: 1278, Time: 00:07:51

Health: -6/26      AC:  8    Str: 14    XL:     3   Next: 83%
Magic:  3/3        EV:  7    Int: 10    God:
Gold:   111        SH:  0    Dex: 14    Spells: 2/2 levels left

rFire   . . .        l - +0 mace {Londisizwe}
rCold   . . .        i - +0 hand axe {Tawil}
rNeg    . . .        o - +0 chain mail
rPois   .            (no helmet)
rElec   .            (no cloak)
rCorr   .            (no gloves)
SInv    .            (no boots)
Will    .....        (amulet unavailable) Stlth
                     (ring unavailable)
HPRegen 0.24/turn    (ring unavailable)
MPRegen 0.08/turn    (no gizmo)

%: no passive effects
@: revved
A: off-hand wielding, slow wielding, warmup strikes, no jewellery
a: Invent Gizmo


You were on level 3 of the Dungeon.
You visited 1 branch of the dungeon, and saw 3 of its levels.

You collected 111 gold pieces.

Inventory:

Hand Weapons
 i - a +0 hand axe (offhand) {Tawil}
 j - a +0 sling
 l - a +0 mace (weapon) {Londisizwe}
Missiles
 b - 2 poisoned darts
Armour
 o - a +0 chain mail (worn)
Wands
 c - a wand of flame (15) (quivered)
 d - a wand of charming (15)
 e - a wand of iceblast (3)
Scrolls
 a - a scroll of enchant weapon {unknown}
 k - a scroll of vulnerability {unknown}
 m - a scroll of teleportation {unknown}
Potions
 f - a potion of berserk rage {unknown}
 g - a potion of enlightenment {unknown}
 h - 2 potions of magic {unknown}
 n - a potion of curing {unknown}
 p - a potion of resistance {unknown}


   Skills:
 + Level 1.4 Fighting
 + Level 0.4(0.8) Axes
 + Level 0.8(1.0) Maces & Flails
 + Level 2.3 Armour
 + Level 1.4 Dodging
 + Level 0.7 Stealth
 + Level 4.7 Evocations


You had 2 spell levels left.
You didn't know any spells.
Your spell library contained the following spells:

 Spells                   Type           Power      Damage    Failure   Level
 Magic Dart               Conj           0%         1d3       100%        1
 Searing Ray              Conj           0%         2d4       100%        2
 Fulminant Prism          Conj/Alch      0%         3d5       100%        4


Dungeon Overview and Level Annotations

Branches:
Dungeon (3/15)

Altars:
The Shining One

Shops:
D:1 =


Innate Abilities, Weirdness & Mutations

You can wield a second weapon in your off-hand.
It takes a long time for you to wield or remove held weapons.
Your first few attacks do less damage.
You cannot equip rings or amulets.


Message History

You kill the gnoll!
You hear an angry hiss.
You hear a shout!
Aiming: Iceblast
Press: ? - help, Shift-Dir - straight line, f - gnoll
Aim: a gnoll, wielding a +0 spear The mass of ice explodes!
The iceblast engulfs the gnoll!
The gnoll is severely wounded.
You hear an angry hiss.
A kobold comes into view. It is wielding a +0 club.
The gnoll hits you but does no damage.
You hit the gnoll but do no damage.
The gnoll is severely wounded.
You hit the gnoll with your +0 mace.
An adder comes into view.
The gnoll hits you with a +0 spear!
You completely miss the gnoll with your +0 mace.
The gnoll is severely wounded.
You hit the gnoll with your +0 hand axe.
You hit the gnoll but do no damage. The gnoll hits you with a +0 flail.
The gnoll hits you with a +0 spear.
You completely miss the gnoll with your +0 hand axe.
The gnoll is severely wounded.
You hit the gnoll but do no damage. You hit the gnoll with your +0 mace.
You kill the gnoll!
The kobold throws a stone.
The stone completely misses you. The gnoll hits you with a +0 flail.
* * * LOW HITPOINT WARNING * * *
The kobold throws a stone.
The stone barely misses you. The gnoll hits you with a +0 flail.
* * * LOW HITPOINT WARNING * * *
You barely miss the gnoll with your +0 hand axe.
You hit the gnoll with your +0 mace.
The kobold throws a stone.
The stone barely misses you. The gnoll hits you with a +0 flail.
* * * LOW HITPOINT WARNING * * *
You hit the gnoll with your +0 hand axe.
The gnoll is severely wounded.
You hit the adder but do no damage.
You barely miss the gnoll with your +0 mace.
The gnoll hits you with a +0 flail!
You die...

............#
.......)...)# ..
............# ...
.......<....##...
..............#..
.................
..>..............
........Sg..)....
<.......@).......
#................
#................
#.....K#######..?
#...... ...
#...... ..
####... #..K


You could see a gnoll, an adder and a kobold.

Vanquished Creatures
  2 gnolls (D:3)
  A ball python (D:2)
  5 endoplasms
  4 goblins
  6 hobgoblins
  A quokka (D:1)
  6 bats
  A frilled lizard (D:1)
  5 rats
31 creatures vanquished.

Notes
Turn   | Place    | Note
-------+----------+-------------------------------------------
     0 | D:1      | Sabo the Coglin Artificer began the quest for the Orb.
     0 | D:1      | Reached XP level 1. HP: 15/15 MP: 1/1
   144 | D:1      | Reached skill level 1 in Dodging
   173 | D:1      | Reached XP level 2. HP: 10/21 MP: 2/2
   253 | D:1      | Found a faded altar of an unknown god.
   713 | D:1      | Found Ypukauc's Jewellery Shoppe.
   823 | D:2      | Found a glowing golden altar of the Shining One.
   887 | D:2      | Reached XP level 3. HP: 26/26 MP: 3/3
  1278 | D:3      | Mangled by a gnoll

Illustrated notes

Levels and vault maps discovered:
D:1:      denvon_arrival_waterhouse, layout_rooms, serial_shops, shop,
          nicolae_ecumenical_lake_church
D:2:      layout_rooms, basic_altar
D:3:      layout_basic, elyvilon_altar_5, nicolae_dithmenos_the_darkroom

Skill      XL: |  1 |
---------------+----+-----
Dodging        | 1 |  1.4
Armour         | 2 |  2.3
Fighting       | |  1.4
Axes           | |  0.4
Maces & Flails | |  0.8
Stealth        | |  0.7
Evocations     | |  4.7

Action                     || total
---------------------------++-------
  Melee: Club              ||    26
         Hand axe          ||    49
         Mace              ||    25
  Evoke: Wand              ||     2
 Armour: Ring mail         ||    37
         Leather armour    ||     1
         Chain mail        ||     9
  Dodge: Dodged            ||    34

Table legend: (Time is in decaauts)
 A = Elapsed time spent in this place.
 B = Non-inter-level travel time spent in this place.
 C = Inter-level travel time spent in this place.
 D = Time resting spent in this place.
 E = Time spent auto-exploring this place.
 F = Levels seen in this place.
 G = Mean time per level.
                   A        B        C        D        E       F      G
               +--------+--------+--------+--------+--------+-----+--------+
         Total |   1298 |   1298 |      0 |     80 |      0 |   3 |  432.7 |
       Dungeon |   1298 |   1298 |      0 |     80 |      0 |   3 |  432.7 |
               +--------+--------+--------+--------+--------+-----+--------+

Top non-repeatable levels by time:
     D:1: 829 daAuts
     D:2: 444 daAuts
     D:3: 25 daAuts
